Map: Scalo orbitale

Players

DarkDevil

  • Race: Protoss Protoss

Mørtebianca

  • Race: Protoss Protoss
  • League: Diamond

Diaz

  • Race: Zerg Zerg

Jhyrachy

  • Race: Zerg Zerg
  • League: Bronze

VOD

Have the link to the VOD?

Description

Time

  • Played on: Dec. 2, 2015, 6:01 p.m.
  • Length: 9:26
Show
View Real Time Build Order
Export as new Build Order

DarkDevil Protoss 

Build Orders:  

Get SALT Encoding   

  12  0:01  Probe (Chrono Boost)  
  13  0:11  Probe (Chrono Boost)  
  14  0:20  Pylon  
  14  0:23  Probe (Chrono Boost)  
  15  0:38  Probe (Chrono Boost)  
  16  0:49  Probe (Chrono Boost), Gateway  
  17  0:59  Probe (Chrono Boost)  
  17  1:01  Assimilator  
  18  1:24  Forge  
  18  1:28  Probe (Chrono Boost)  
  18  1:29  Pylon  
  19  1:45  Probe (Chrono Boost)  
  20  1:48  Nexus  
  20  1:56  Cybernetics Core  
  20  1:58  Probe (Chrono Boost)  
  21  2:09  Probe (Chrono Boost)  
  21  2:11  Assimilator  
  22  2:16  Pylon  
  22  2:19  Probe (Chrono Boost)  
  23  2:29  Adept  
  23  2:31  Probe (Chrono Boost)  
  23  2:34  Warp Gate  
  26  2:46  Pylon  
  26  2:48  Mothership Core (Chrono Boost)  
  28  2:52  Adept  
  30  3:03  Gateway  
  30  3:05  Gateway  
  30  3:07  Pylon  
  30  3:08  Probe (Chrono Boost)  
  31  3:13  Probe (Chrono Boost)  
  32  3:21  Sentry  
  36  3:27  Probe x2 (Chrono Boost)  
  36  3:38  Probe (Chrono Boost)  
  37  3:42  Pylon  
  37  3:47  Probe (Chrono Boost)  
  38  3:49  Stalker  
  38  3:54  Stalker x2  
  44  3:56  Probe (Chrono Boost)  
  44  4:01  Twilight Council  
  45  4:05  Probe (Chrono Boost)  
  45  4:06  Probe (Chrono Boost)  
  47  4:21  Probe (Chrono Boost)  
  47  4:22  Blink  
  47  4:24  Probe (Chrono Boost)  
  49  4:26  Assimilator  
  49  4:32  Probe (Chrono Boost)  
  49  4:37  Pylon  
  50  4:42  Probe (Chrono Boost)  
  50  4:44  Probe (Chrono Boost), Stalker  
  54  4:49  Pylon  
  54  4:55  Probe (Chrono Boost)  
  54  4:56  Probe (Chrono Boost)  
  56  5:09  Probe (Chrono Boost), Pylon  
  56  5:11  Probe (Chrono Boost)  
  56  5:12  Pylon x2  
  58  5:18  Gateway  
  58  5:20  Gateway  
  58  5:22  Gateway  
  58  5:24  Gateway  
  58  5:26  Stalker  
  60  5:39  Zealot x2  
  64  6:03  Zealot  
  64  6:04  Pylon  
  66  6:08  Pylon  
  66  6:14  Pylon  
  66  6:16  Pylon  
  66  6:22  Stalker x3  
  66  6:23  Stalker x3  
  66  6:24  Stalker  
  80  6:26  Pylon  
  80  6:45  Stalker x2  
  80  6:46  Stalker x3  
  90  6:47  Stalker  
  92  6:54  Pylon  
  82  7:20  Stalker x5  
  82  7:21  Stalker x2  
  76  7:49  Stalker  
  76  7:50  Stalker  
  76  7:51  Adept  
  72  7:53  Adept x4  
  68  8:12  Stalker  
  61  8:13  Zealot, Stalker x4  
  61  8:16  Zealot  
  55  8:35  Stalker  
  55  8:36  Stalker x3  
  55  8:39  Stalker  
  55  8:41  Zealot  
  65  8:45  Stalker  
Show
View Real Time Build Order
Export as new Build Order

Mørtebianca Protoss 

Build Orders:  

Get SALT Encoding   

  12  0:03  Drone  
  13  0:08  Drone  
  14  0:17  Overlord  
  14  0:36  Drone  
  14  0:37  Drone x2  
  17  0:54  Hatchery  
  16  0:58  Drone  
  16  1:01  Extractor  
  16  1:13  Spawning Pool  
  16  1:16  Drone  
  16  1:19  Drone  
  17  1:28  Drone  
  18  1:58  Drone x3  
  21  2:11  Zergling x2, Metabolic Boost  
  22  2:16  Drone  
  22  2:19  Zergling x2  
  22  2:20  Zergling x2  
  25  2:27  Zergling x2  
  26  2:34  Zergling x2  
  27  2:41  Overlord  
  27  2:43  Overlord  
  27  2:56  Hatchery  
  26  3:08  Drone  
  26  3:09  Drone x3  
  26  3:11  Drone  
  31  3:13  Queen  
  31  3:14  Queen  
  35  3:24  Overlord  
  35  3:33  Drone x3, Evolution Chamber  
  37  3:39  Evolution Chamber  
  37  3:40  Drone  
  37  3:41  Extractor  
  36  3:43  Overlord  
  36  3:55  Drone x2  
  38  3:59  Drone  
  39  4:05  Extractor  
  38  4:12  Pneumatized Carapace  
  38  4:15  Drone x2  
  38  4:16  Drone  
  38  4:17  Drone  
  42  4:18  Drone  
  42  4:23  Drone x4  
  47  4:34  Drone x3  
  47  4:35  Extractor  
  47  4:36  Drone x2  
  47  4:37  Drone  
  52  4:42  Drone x2, Queen  
  56  4:51  Zerg Ground Armor Level 1  
  52  5:10  Drone x7  
  52  5:11  Drone x3  
  62  5:18  Roach Warren  
  62  5:19  Lair  
  61  5:24  Overlord  
  61  5:28  Zerg Missile Weapons Level 1  
  61  5:36  Overlord x3  
  61  5:40  Overlord  
  61  5:47  Zergling x10  
  65  5:58  Roach x3  
  65  6:00  Roach  
  65  6:01  Roach x5  
  65  6:02  Roach  
  85  6:15  Queen  
  85  6:17  Drone x4  
  91  6:26  Roach x3  
  91  6:27  Overlord  
  91  6:29  Overseer  
  91  6:32  Hatchery  
  96  6:37  Hatchery  
  95  6:42  Extractor  
  95  6:43  Burrow  
  95  6:44  Roach x2  
  95  6:45  Overlord x2  
  98  6:48  Roach  
  98  7:04  Roach x6  
  98  7:05  Roach x2  
  98  7:07  Zergling x4  
  111  7:15  Zergling x2  
  95  7:22  Zergling x2  
  95  7:23  Zergling x14  
  89  7:35  Zergling x10  
  82  7:40  Zergling x4  
  77  7:47  Roach  
  77  7:48  Roach  
  77  7:50  Zergling x6  
  77  7:55  Zergling x4  
  77  8:03  Roach x3  
  81  8:07  Roach x2  
  81  8:11  Roach  
  81  8:12  Roach x2  
  83  8:18  Roach x6  
  90  8:24  Roach x4  
  90  8:25  Roach  
  90  8:26  Roach  
  92  8:27  Roach  
  88  8:36  Zergling x6  
  88  8:37  Zergling x6  
  92  8:46  Zergling x2, Roach x2  
  92  8:47  Zergling x8  
  97  8:50  Zergling x2  
Show
View Real Time Build Order
Export as new Build Order

Diaz Zerg 

Build Orders:  

Get SALT Encoding   

Show
View Real Time Build Order
Export as new Build Order

Jhyrachy Zerg 

Build Orders:  

Get SALT Encoding   

Tags
 
Add a new tag
Caveats
  • Supply blocks, unpowered buildings, or Contaminate may cause inaccurate times.
  • Supply counts are checked every 10 seconds.